 Dungeon Crawl Stone Soup version 0.23.1 (webtiles) character file.

Game seed: 4936179456700383706

112 Lanoc the Slasher (level 4, -3/35 HPs)
             Began as a Demonspawn Monk on Mar 1, 2019.
             Slain by an iron imp (9 damage)
             ... summoned by Eustachio
             ... on level 4 of the Dungeon.
             The game lasted 00:02:37 (1899 turns).

Lanoc the Slasher (Demonspawn Monk)                 Turns: 1899, Time: 00:02:38

Health: -3/35      AC:  2    Str: 17    XL:     4   Next: 63%
Magic:  4/4        EV: 14    Int: 11    God:
Gold:   118        SH:  0    Dex: 16    Spells: 3/3 levels left

rFire    . . .     SeeInvis .   a - +0 falchion
rCold    . . .     Gourm    .   (no shield)
rNeg     . . .     Faith    .   b - +0 robe
rPois    .         Spirit   .   (no helmet)
rElec    .         Reflect  .   (no cloak)
rCorr    .         Harm     .   (no gloves)
MR       .....                  (no boots)
Stlth    ++........             (no amulet)
HPRegen  0.11/turn              h - +5 ring of strength
MPRegen  0.09/turn              l - +3 ring of slaying

@: no status effects
A: hooves 2
a: no special abilities


You were on level 4 of the Dungeon.
You were not hungry.

You visited 1 branch of the dungeon, and saw 4 of its levels.

You collected 118 gold pieces.

Inventory:

Hand Weapons
 a - a +0 falchion (weapon)
Armour
 b - a +0 robe (worn)
Jewellery
 h - a +5 ring of strength (left hand)
 l - a +3 ring of slaying (right hand)
Scrolls
 d - a scroll of noise {unknown}
 f - 2 scrolls of amnesia {unknown}
 i - a scroll of teleportation {unknown}
 j - a scroll of identify {unknown}
 k - a scroll of magic mapping {unknown}
Comestibles
 c - 5 rations


   Skills:
 + Level 3.5 Fighting
 * Level 3.7 Long Blades
 + Level 1.5 Armour
 + Level 3.2 Dodging
 - Level 2.0 Stealth


You had 3 spell levels left.
You didn't know any spells.
Your spell library was empty.

Dungeon Overview and Level Annotations

Branches:
Dungeon (4/15)
 Temple: D:4-7

Altars:

Annotations:
D:4 Eustachio


Innate Abilities, Weirdness & Mutations

You have hoof-like feet.


Message History

Eustachio is heavily wounded.
Eustachio gestures wildly while chanting.
The river rat bites you.
The crimson imp blinks!
Eustachio casts a spell.
Eustachio blinks!
It was a potion of magic.
Magic courses through your body. The river rat misses you.
Eustachio casts a spell.
Eustachio blinks!
The ufetubus hits you. The ufetubus closely misses you.
Eustachio closely misses you.
You slash Eustachio! You kick Eustachio!
Eustachio is almost dead.
The river rat barely misses you. Eustachio closely misses you.
You barely miss Eustachio. You kick Eustachio.
Eustachio is almost dead.
The river rat bites you!
* * * LOW HITPOINT WARNING * * *
The iron imp hits you!
You die...

##.### ##.....##
#..# ##...## #.##
##+## #.# #.# #.#
#.# #.####### ##.##
## #.......#
##...#....
#######.####55....#
#...@@r5b...#
########r#### #.#
#.# #.# #.# .#


You could see Eustachio, an iron imp, a crimson imp, a river rat, an ufetubus, a
bat and a rat.

Vanquished Creatures
  An iguana (D:4)
  A worker ant (D:4)
  2 adders (D:3)
  2 worms
  A leopard gecko (D:3)
  4 orcs (D:3)
  A giant cockroach (D:3)
  4 goblins
  A hobgoblin (D:2)
  2 jackals (D:2)
  2 kobolds
  2 quokkas
  8 bats
  3 frilled lizards
  3 rats
37 creatures vanquished.

Notes
Turn   | Place    | Note
-------+----------+-------------------------------------------
     0 | D:1      | Lanoc the Demonspawn Monk began the quest for the Orb.
     0 | D:1      | Reached XP level 1. HP: 18/18 MP: 1/1
   139 | D:2      | Gained mutation: You have large cloven feet. [demonic
                  | ancestry]
   139 | D:2      | Reached XP level 2. HP: 23/24 MP: 2/2
   508 | D:3      | Reached XP level 3. HP: 25/29 MP: 3/3
   589 | D:3      | Reached skill level 1 in Armour
  1548 | D:4      | Gained mutation: You have hoof-like feet. [demonic
                  | ancestry]
  1548 | D:4      | Reached XP level 4. HP: 15/35 MP: 4/4
  1549 | D:4      | HP: 2/52 [iguana (13)]
  1879 | D:4      | Noticed Eustachio
  1899 | D:4      | Slain by an iron imp

Skill      XL: |  1  2  3 |
---------------+----------+-----
Stealth        | 2 |  2.0
Long Blades    | 3 |  3.7
Armour         | 1 |  1.5
Dodging        | 3 |  3.2
Fighting       | |  3.5

Action                   |  1- 3 |  4- 6 || total
-------------------------+-------+-------++-------
Melee: Falchion          |    98 |    10 ||   108
       Kick              |    23 |     6 ||    29
  Use: Potion            |     2 |     1 ||     3
 Stab: Sleeping          |     3 |       ||     3
       Distracted        |     1 |       ||     1
  Eat: Chunk             |     1 |       ||     1
       Ration            |       |     1 ||     1
Armor: Robe              |    19 |     1 ||    20
Dodge: Dodged            |   101 |    14 ||   115
       Rpst.: Falchion   |    30 |     2 ||    32
